 Dungeon Crawl Stone Soup version 0.16.1-11-g651b585 (webtiles) character file.

7724 Shoikan the Bludgeoner (level 11, -8/92 HPs)
             Began as a Minotaur Berserker on Apr 2, 2015.
             Was the Champion of Trog.
             Killed by the air
             ... invoked by Gastronok
              (34 damage)
             ... on level 1 of the Lair of Beasts on Apr 3, 2015.
             The game lasted 01:01:30 (8758 turns).

Shoikan the Bludgeoner (Minotaur Berserker)         Turns: 8758, Time: 01:01:30

Health: -8/92      AC: 22    Str: 21    XL:     11   Next: 0%
Magic:  4/4        EV:  6    Int:  7    God:    Trog [******]
Gold:   396        SH:  5    Dex: 11    Spells: 0 memorised, 10 levels left

rFire  . . .     SeeInvis .     z - +4 flail (protect)
rCold  . . .     Clarity  +     k - +0 plate armour
rNeg   . . .     SustAb   +     J - +2 buckler
rPois  .         Gourm    .     r - +1 hat
rElec  .         Spirit   .     A - +1 cloak {+Inv}
rCorr  .         Warding  .     (no gloves)
rMut   .         Stasis   .     T - +0 pair of boots
MR     .....                    e - amulet of clarity
Stlth  ..........               (no ring)
                                m - ring of sustain abilities

@: slowed, very slow, not resistant to hostile enchantments, extremely
unstealthy
A: retaliatory headbutt, horns 2
a: Burn Spellbooks, Berserk, Trog's Hand, Brothers in Arms, Renounce Religion,
Evoke Invisibility


You were on level 1 of the Lair of Beasts.
You worshipped Trog.
Trog was exalted by your worship.
You were not hungry.

You visited 3 branches of the dungeon, and saw 11 of its levels.
You also visited: Sewer.

You collected 499 gold pieces.
You spent 103 gold pieces at shops.

Inventory:

Hand weapons
 i - a cursed +2 whip of freezing
 y - a +4 quarterstaff of chaos
 z - a +4 flail of protection (weapon)
 N - a +6 great mace of protection
 S - a +1 antimagic great mace
Armour
 k - a +0 plate armour (worn)
 r - a +1 hat (worn)
 A - a +1 cloak of invisibility (worn)
 J - a +2 buckler (worn)
 T - a +0 pair of boots (worn)
Jewellery
 e - an amulet of clarity (around neck)
 m - a ring of sustain abilities (left hand)
 F - an uncursed ring of stealth
 H - an uncursed amulet of stasis {unknown}
Magical devices
 p - a wand of frost (48)
 B - a wand of fireball (1)
 I - a wand of polymorph (7)
 O - a wand of enslavement (11)
 Q - a wand of heal wounds (6)
 R - a wand of confusion (17)
Scrolls
 a - 2 scrolls of identify
 f - 2 scrolls of magic mapping {unknown}
 h - a scroll of fear {unknown}
 j - 3 scrolls of recharging
 n - 3 scrolls of amnesia
 s - a scroll of random uselessness {unknown}
 x - 2 scrolls of noise {unknown}
 C - a scroll of fog {unknown}
 D - 2 scrolls of enchant armour {unknown}
 K - a scroll of silence {unknown}
 L - 2 scrolls of teleportation {unknown}
 P - a scroll of immolation {unknown}
 U - 3 scrolls of blinking {unknown}
 X - a scroll of remove curse
Potions
 d - a potion of cancellation {unknown}
 g - 8 potions of curing
 o - 3 potions of flight
 t - 2 potions of restore abilities
 u - 6 potions of heal wounds
 v - a potion of brilliance {unknown}
 E - 2 potions of invisibility
 M - a potion of lignification {unknown}
 V - a potion of might
Comestibles
 b - 2 meat rations
 c - 7 bread rations
 l - 9 slices of pizza
 q - 4 beef jerkies
 w - 3 fruits
 W - a royal jelly


   Skills:
 + Level 7.3 Fighting
 - Level 17.1 Maces & Flails
 + Level 6.8 Armour
 - Level 2.1 Dodging


You had 10 spell levels left.
You didn't know any spells.

Dungeon Overview and Level Annotations

Branches:
Dungeon (9/15)             Temple (1/1) D:6            Lair (1/8) D:9
    Orc: D:9-12

Altars:
Ashenzari
Cheibriados
Dithmenos
Elyvilon
Gozag
Kikubaaqudgha
Makhleb
Nemelex Xobeh
Okawaru
Qazlal
Ru
Sif Muna
Trog
Vehumet
Xom
Yredelemnul
The Shining One

Shops:
D:6 [   D:7 }   D:8 *

Annotations:
Lair:1 Gastronok


Innate Abilities, Weirdness & Mutations

You reflexively headbutt those who attack you in melee.
You have a pair of horns on your head.


Message History

The wolf is moderately wounded.
The wolf bites you.
* * * LOW HITPOINT WARNING * * *
The wolf bites you but does no damage. x2
A wolf comes into view.
It was a potion of heal wounds.
You feel much better. The wolf bites you. The wolf bites you.
* * * LOW HITPOINT WARNING * * *
The wolf closely misses you. You block the wolf's attack.
You block the wolf's attack.
The wolf bites you but does no damage. x4
Gastronok gurgles, "A snack!
A snack!"
Gastronok casts a spell.
Gastronok seems to move somewhat quicker.
A wolf comes into view.
The wolf barks!
The wolf bites you but does no damage.
Gastronok waves his eye-stalks in wide circles.
The air twists around and strikes you!
You die...

......###..........
......#.##........#..
#..........#........#
............)#..#+...#
...(#..........#.....##
#....#P.†.......#......#
.................w†...#
.................÷..♣...
#............@hhh#.....#
........<....###.##.....?
............P# ....#.....
..................#...♣.
.#.................#...
.......#............##
....................
..... ............ ....
.... ...


You could see Gastronok and 3 wolves.

Vanquished Creatures
  A hill giant (D:7)
  2 ugly things (D:9)
  2 komodo dragons (D:9)
  2 spiny frogs (Lair:1)
  Grinder (D:6)
  3 hippogriffs
  The ghost of Shoikan the Cudgeler, an average MiBe of Trog (D:3)
  A human (D:7)
  A wolf (Lair:1)
  Edmund (D:4)
  Menkaure (D:7)
  A porcupine (Lair:1)
  An orc warrior (D:8)
  An ice beast (D:8)
  A swamp drake (D:9)
  A black bear (D:8)
  2 ogres (D:8)
  A phantom (D:5)
  5 centaurs
  2 sky beasts
  Sigmund (D:2)
  Duvessa (D:8)
  2 big kobolds
  2 crocodiles (D:9)
  7 giant frogs
  4 jellies
  4 scorpions
  4 killer bees (D:9)
  3 wights (D:7)
  Dowan (D:8)
  3 crimson imps
  2 centaur zombies
  Crazy Yiuf (D:4)
  A gnoll shaman (D:9)
  2 hounds
  8 iguanas
  Natasha (twice) (D:3)
  4 orc wizards
  4 worker ants
  4 sheep (D:7)
  Ijyb (D:3)
  3 hound zombies
  A worker ant zombie (D:5)
  A hound skeleton (D:5)
  Robin (D:3)
  4 gnolls (D:9)
  17 adders
  3 river rats
  3 shadow imps
  4 giant mites
  4 worms
  2 adder zombies
  An adder skeleton (D:9)
  7 giant geckos
  2 oozes
  19 orcs
  9 bats
  2 bat zombies
  17 goblins
  20 hobgoblins
  20 kobolds
  5 quokkas
  7 giant cockroaches
  8 giant newts
  14 jackals
  21 rats
  4 ballistomycetes
291 creatures vanquished.

Vanquished Creatures (others)
  A crocodile (D:9)
  3 giant spores
4 creatures vanquished.

Grand Total: 295 creatures vanquished

Notes
Turn   | Place    | Note
--------------------------------------------------------------
     0 | D:1      | Shoikan, the Minotaur Berserker, began the quest for the Orb.
     0 | D:1      | Reached XP level 1. HP: 19/19 MP: 1/1
     2 | D:1      | Noticed a dwarf
     4 | D:1      | Noticed a vine stalker
     4 | D:1      | Noticed a naga
     6 | D:1      | Noticed a felid
     6 | D:1      | Noticed an octopode
     8 | D:1      | Noticed a centaur
     8 | D:1      | Noticed a minotaur
    10 | D:1      | Noticed a troll
    12 | D:1      | Noticed a ghoul
    14 | D:1      | Noticed a gargoyle
    14 | D:1      | Noticed a spriggan
    16 | D:1      | Noticed an elf
    18 | D:1      | Noticed a demonspawn
    20 | D:1      | Noticed an ogre
    20 | D:1      | Noticed a vampire
    22 | D:1      | Noticed a draconian
    22 | D:1      | Noticed a merfolk
    24 | D:1      | Noticed a human
    24 | D:1      | Noticed a tengu
    26 | D:1      | Noticed a demigod
    26 | D:1      | Noticed a formicid
    58 | D:1      | Reached skill level 4 in Maces & Flails
   537 | D:1      | Reached XP level 2. HP: 26/26 MP: 1/1
   684 | D:1      | Acquired Trog's second power
  1027 | D:2      | Reached skill level 5 in Maces & Flails
  1065 | D:2      | Reached XP level 3. HP: 27/31 MP: 2/2
  1416 | D:2      | Reached XP level 4. HP: 39/39 MP: 2/2
  1487 | D:2      | Reached skill level 6 in Maces & Flails
  1610 | D:2      | Noticed Sigmund
  1624 | D:2      | Killed Sigmund
  1624 | D:2      | Reached skill level 7 in Maces & Flails
  1624 | D:2      | Reached XP level 5. HP: 34/45 MP: 2/2
  1864 | D:3      | Found a snail-covered altar of Cheibriados.
  1975 | D:3      | Noticed Natasha
  1987 | D:3      | Killed Natasha
  2005 | D:3      | Reached skill level 8 in Maces & Flails
  2125 | D:3      | Noticed Natasha
  2128 | D:3      | Killed Natasha
  2128 | D:3      | Reached XP level 6. HP: 51/51 MP: 3/3
  2151 | D:3      | Noticed Ijyb
  2160 | D:3      | Killed Ijyb
  2223 | D:3      | Noticed Robin
  2224 | D:3      | Noticed Shoikan's ghost (average MiBe)
  2233 | D:3      | Killed Robin
  2254 | D:3      | Killed Shoikan's ghost
  2254 | D:3      | Reached skill level 9 in Maces & Flails
  2265 | D:3      | Acquired Trog's third power
  2527 | D:4      | Reached XP level 7. HP: 57/57 MP: 3/3
  2655 | D:4      | Noticed Crazy Yiuf
  2667 | D:4      | Killed Crazy Yiuf
  2786 | D:4      | Noticed Edmund
  2813 | D:4      | Killed Edmund
  2813 | D:4      | Reached skill level 10 in Maces & Flails
  3116 | D:5      | Entered Level 5 of the Dungeon
  3481 | D:5      | Reached skill level 11 in Maces & Flails
  4144 | D:5      | Reached XP level 8. HP: 62/64 MP: 3/3
  4292 | D:6      | Reached skill level 12 in Maces & Flails
  4591 | D:6      | Found a staircase to the Ecumenical Temple.
  4628 | D:6      | Found Kanneto Fuek's Antique Armour Boutique.
  4634 | D:6      | Bought a glowing buckler for 103 gold pieces
  4664 | D:6      | Noticed Grinder
  4678 | D:6      | Paralysed by Grinder for 3 turns
  4684 | D:6      | Killed Grinder
  4848 | D:6      | Reached skill level 13 in Maces & Flails
  4920 | D:6      | Found a glowing drain.
  4945 | Sewer    | Entered a sewer
  5064 | Sewer    | Found a white marble altar of Elyvilon.
  5208 | Temple   | Entered the Ecumenical Temple
  5492 | D:7      | Found a shattered altar of Ashenzari.
  5492 | D:7      | Noticed Menkaure
  5499 | D:7      | Killed Menkaure
  5503 | D:7      | Reached XP level 9. HP: 60/70 MP: 4/4
  5559 | D:7      | Found a shattered altar of Ashenzari.
  5584 | D:7      | Noticed a hill giant
  5606 | D:7      | Killed a hill giant
  5606 | D:7      | Reached skill level 14 in Maces & Flails
  5808 | D:7      | Found Cacsetsas' Gadget Shoppe.
  5841 | D:7      | Reached skill level 15 in Maces & Flails
  6278 | D:7      | Found an ancient bone altar of Kikubaaqudgha.
  6420 | D:8      | Found an opulent altar of Gozag.
  6423 | D:8      | Found Gozag's Platinum Reserve.
  6483 | D:8      | Reached skill level 16 in Maces & Flails
  6542 | D:8      | Noticed Duvessa
  6542 | D:8      | Noticed Dowan
  6547 | D:8      | Killed Duvessa
  6555 | D:8      | Killed Dowan
  6601 | D:8      | Received a gift from Trog
  6775 | D:8      | Reached XP level 10. HP: 77/77 MP: 4/4
  7689 | D:9      | Noticed a purple ugly thing
  7702 | D:9      | Killed a purple ugly thing
  7702 | D:9      | Reached skill level 17 in Maces & Flails
  8062 | D:9      | Found a staircase to the Lair.
  8084 | D:9      | Received a gift from Trog
  8101 | D:9      | Reached skill level 5 in Fighting
  8283 | D:9      | Reached skill level 5 in Armour
  8291 | D:9      | Noticed a cyan ugly thing
  8305 | D:9      | Killed a cyan ugly thing
  8695 | Lair:1   | Entered Level 1 of the Lair of Beasts
  8739 | Lair:1   | Noticed Gastronok
  8751 | Lair:1   | Reached XP level 11. HP: 28/92 MP: 4/4
  8758 | Lair:1   | Killed from afar by Gastronok

Action                   |  1- 3 |  4- 6 |  7- 9 | 10-12 || total
-------------------------+-------+-------+-------+-------++-------
Melee: Mace              |    31 |       |       |       ||    31
       Whip              |    47 |   163 |    44 |       ||   254
       Flail             |       |       |   415 |   243 ||   658
Invok: Trog's Hand       |       |     2 |     1 |     1 ||     4
       Berserk           |       |     2 |       |       ||     2
  Use: Scroll            |       |       |     1 |     6 ||     7
       Potion            |       |       |     1 |     1 ||     2
 Stab: Confused          |       |       |       |     1 ||     1
  Eat: Chunk             |     1 |     6 |    13 |     7 ||    27
       Fruit             |       |       |     1 |       ||     1
